 Dungeon Crawl Stone Soup version 0.30-a0-989-g0d87f670db (webtiles) character file.

Game seed: 38362266135029977

170591 jasper the Peltast (level 17, -6/134 HPs)
             Began as a Demonspawn Wanderer on Apr 3, 2023.
             Was an Elder of Cheibriados.
             Killed by the raging water
             ... invoked by a water nymph
              (28 damage)
             ... on level 4 of the Shoals.
             The game lasted 00:59:53 (22496 turns).

jasper the Peltast (Demonspawn Wanderer)           Turns: 22496, Time: 00:59:53

Health: -6/134     AC: 16    Str: 36    XL:     17   Next: 37%
Magic:  0/35       EV: 21    Int: 27    God:    Cheibriados [****..]
Gold:   2800       SH: 18    Dex: 20    Spells: 4/18 levels left

rFire   . . .      SeeInvis .      - Unarmed
rCold   . . .      Faith    .    l - +0 kite shield
rNeg    + + .      Spirit   +    h - +4 troll leather armour
rPois   .          Reflect  .    (helmet unavailable)
rElec   +          Rampage  .    N - +2 cloak {Stlth+}
rCorr   .                        (gloves unavailable)
Will    ++...                    p - +0 pair of boots
Stlth   +                        f - amulet of regeneration
HPRegen 2.02/turn                A - ring of Itie {rElec rN+ EV+5 Str+6}
MPRegen 0.48/turn                i - ring of Music {rN+ Will+ MP+9}

@: marked, very slow
A: horns 3, icemail 1, magic shield, magic regeneration, magic link,
condensation shield, weakness stinger 1, demonic touch 3, deterioration 1
a: Renounce Religion, Bend Time, Temporal Distortion, Slouch


You were on level 4 of the Shoals.
You worshipped Cheibriados.
Cheibriados was greatly pleased with you.
You visited 5 branches of the dungeon, and saw 27 of its levels.
You also visited: Bailey and Ice Cave.

You collected 5001 gold pieces.
You spent 2201 gold pieces at shops.

Inventory:

Missiles
 e - 57 poisoned darts
 D - 28 boomerangs
 O - 9 curare-tipped darts
 S - 6 throwing nets
Armour
 h - a +4 troll leather armour (worn)
 l - a +0 kite shield (worn)
 p - a +0 pair of boots (worn)
 L - +0 acid dragon scales
 N - a +2 cloak of stealth (worn)
Jewellery
 f - an amulet of regeneration (around neck)
 i - the ring of Music (right hand) {rN+ Will+ MP+9}
   (You found it on level 5 of the Lair of Beasts)

   [ring of magical power]

   rN:        It protects you from negative energy.
   MP:        It affects your magic capacity (+9).
   Will:      It increases your willpower.
 v - a ring of ice
 A - the ring of Itie (left hand) {rElec rN+ EV+5 Str+6}
   (You acquired it on level 1 of the Shoals)

   [ring of evasion]

   EV:        It affects your evasion (+5).
   Str:       It affects your strength (+6).
   rElec:     It insulates you from electricity.
   rN:        It protects you from negative energy.
 F - a +6 ring of dexterity
 R - a ring of positive energy
 U - a +6 ring of intelligence
 V - a ring of ice
 Z - a ring of protection from fire
Wands
 d - a wand of charming (13)
 r - a wand of mindburst (4)
 B - a wand of digging (3)
 E - a wand of polymorph (5)
 M - a wand of flame (2) (quivered)
 X - a wand of iceblast (2)
Scrolls
 a - 8 scrolls of identify
 c - 14 scrolls of teleportation
 g - a scroll of amnesia
 s - 3 scrolls of immolation
 t - 2 scrolls of magic mapping
 u - a scroll of blinking
 x - 2 scrolls of fear
 y - 3 scrolls of butterflies
 G - 4 scrolls of fog
 T - 3 scrolls of poison
Potions
 b - 2 potions of heal wounds
 j - 2 potions of mutation
 k - 3 potions of cancellation
 n - a potion of berserk rage
 o - 2 potions of ambrosia
 q - 18 potions of curing
 w - 5 potions of resistance
 z - 4 potions of attraction
 H - 6 potions of might
 J - 4 potions of flight
 P - 2 potions of lignification
 W - a potion of magic
 Y - 2 potions of brilliance
Miscellaneous
 m - a box of beasts (inert)
 C - a phial of floods
 I - a condenser vane (inert)
 Q - a phantom mirror


   Skills:
 - Level 12.3 Fighting
 - Level 2.6 Maces & Flails
 - Level 1.0 Armour
 - Level 7.9 Dodging
 - Level 15.0 Shields
 - Level 14.0 Unarmed Combat
 - Level 1.0 Spellcasting
 + Level 13.3 Transmutations
 - Level 3.6 Fire Magic
 - Level 13.0 Invocations
 - Level 6.0 Evocations


You had 4 spell levels left.
You knew the following spells:

 Your Spells              Type           Power      Damage    Failure   Level
b - Passwall              Tmut/Erth      30%        N/A       1%          2
c - Yara's Violent Unrav  Hex/Tmut       18%        3d9       36%         5
d - Dragon Form           Tmut           32%        N/A       58%         7

Your spell library contained the following spells:

 Spells                   Type           Power      Damage    Failure   Level
 Foxfire                  Conj/Fire      44%        2x1d4     10%         1
 Petrify                  Tmut/Erth      37%        N/A       13%         4
 Freeze                   Ice            4%         1d3       21%         1
 Sandblast                Erth           2%         2d4       21%         1
 Cigotuvi's Dreadful Rot  Necr/Pois/Air  2%         N/A       30%         2
 Lesser Beckoning         Tloc           2%         N/A       30%         2
 Sublimation of Blood     Necr           1%         N/A       30%         2
 Kindle Blastsparks       Fire/Tloc/Air  14%        2d11      36%         3
 Frozen Ramparts          Ice            2%         1d1       52%         3
 Gell's Gravitas          Tloc           1%         N/A       52%         3
 Hailstorm                Conj/Ice       1%         3d3       52%         3
 Stone Arrow              Conj/Erth      2%         3d7       52%         3
 Teleport Other           Tloc           1%         N/A       52%         3
 Anguish                  Hex/Necr       0%         N/A       90%         4
 Cause Fear               Hex            0%         N/A       90%         4
 Dispel Undead            Necr           1%         3d6       90%         4
 Summon Ice Beast         Ice/Summ       1%         N/A       90%         4
 Irradiate                Conj/Tmut      18%        3d17      36%         5
 Summon Mana Viper        Hex/Summ       1%         N/A       99%         5
 Death Channel            Necr           0%         N/A       100%        6
 Enfeeble                 Hex            0%         N/A       100%        7
 Monstrous Menagerie      Summ           0%         N/A       100%        7
 Dragon's Call            Summ           0%         N/A       100%        9


Dungeon Overview and Level Annotations

Branches:
Dungeon (15/15)            Temple (1/1) D:5            Lair (5/5) D:10
 Shoals (4/4) Lair:2        Snake (0/4) Lair:2        Slime (0/5) Lair:4
    Orc (2/2) D:12            Elf (0/3) Orc:2        Depths (0/4) D:15
 Bailey (visited)           IceCv (visited)
 Vaults: D:13-14

Altars:
Ashenzari
Cheibriados
Dithmenos
Fedhas
Hepliaklqana
Kikubaaqudgha
Makhleb
Nemelex Xobeh
Okawaru
Qazlal
Ru
Sif Muna
Trog
Uskayaw
Vehumet
Wu Jian
Xom
Yredelemnul
Jiyva

Shops:
D:2 !   D:3 (   D:4 (   D:7 (   D:8 *   D:11 (   Orc:2 (:?!

Portals:
Trove: D:12 (give 5 scrolls of fog)

Annotations:
D:13 exclusions: tormentor and 2 more exclusions
D:15 1 runed translucent door, Foxy's ghost, adept KoEn
Orc:2 1 runed translucent door, Dutenacs's ghost, journeyman MiBe


Innate Abilities, Weirdness & Mutations

You have a pair of large horns on your head.
A meltable icy envelope protects you from harm. (AC +4)
When hurt, damage is shared between your health and your magic reserves.
You regenerate magic rapidly.
When low on magic, you restore magic in place of health.
A meltable shield of frost defends you. (SH +4)
You have a small tail.
Your touch may irresistibly damage your foes and sap their willpower.
Your body sometimes deteriorates upon taking damage.


Message History

The torrent of water misses you.
The wave splashes down.
The merfolk siren shoots a sling bullet.
The sling bullet hits you but does no damage.
A water nymph comes into view.
The sea snake bites you.
* * * LOW HITPOINT WARNING * * *
You take 4 damage, and have 29/134 hp.
You closely miss the sea snake. Your headbutt misses the sea snake.
The sea snake is almost dead.
You block the merfolk aquamancer's attack.
The merfolk siren chants a haunting song.
You resist with almost no effort. You block the sea snake's attack.
You regained 2 mp, and now have 11/35 mp.
Activating: Slouch (1% risk of failure)
Press: ? - help, Dir - look around, f - activate You can feel time thicken for a moment.
You kill the sea snake!
Cheibriados thoroughly appreciates the change of pace.
You can now step out of the flow of time.
Cheibriados raises the support of your attributes as your movement slows.
You can no longer step out of the flow of time.
Cheibriados lowers the support of your attributes as your movement quickens.
The merfolk siren chants a haunting song.
You easily resist.
The water nymph gestures at you while chanting.
The water swirls and strikes you!!
* * * LOW HITPOINT WARNING * * *
A sea snake comes into view.
You block the merfolk aquamancer's attack.
You take 20 damage, and have 9/134 hp.
You now have 2/35 mp.
Okay, then.
You feel much better.
The merfolk siren shoots a sling bullet.
The sling bullet hits you.
* * * LOW HITPOINT WARNING * * *
The sling bullet freezes you.
* * * LOW HITPOINT WARNING * * *
The water nymph gestures at you while chanting.
The water swirls and strikes you!!
You die...

.~~~~~~~~~)..##..[##....#
..~~~~~~~~.[[.##[##.....<.
....~~~~m~[(÷..H..........
.....~~~~~..[..S......≈~..
.....H~~~~......m.....≈≈..
....~~~~m...).[......~~..
....~~)~~~[))..........~~
....~~~††~~)..<.......~..
...~~~~m@)~.H..........#
...~~##'##~...#......###
<.~~ #~~~##..~...)..## ~~~
#~~~~~#)....~~~...... ~~
#~~)~~#~~~~~~~~.....~ ~
#~~~~~#~~~..~~~...~~~
##~~~##~~....~~...~~~
#####.......#####~~.
.......## #~.


You could see a merfolk impaler, a sea snake, a merfolk aquamancer, 3
manticores, a merfolk siren and a water nymph.

Vanquished Creatures
  Kirke (Shoals:1)
  Frances (D:12)
  A frost giant (IceCv)
  A fire giant (D:12)
  2 orc warlords
  2 very ugly things (D:15)
  A minotaur (shapeshifter) (D:15)
  Snorg (D:10)
  8 merfolk javelineers (Shoals:4)
  8 merfolk impalers
  Josephine (D:11)
  A great orb of eyes (D:15)
  Fannar (Lair:2)
  A hydra (D:15)
  A rakshasa (D:15)
  Erolcha (D:10)
  A catoblepas (Lair:5)
  An alligator snapping turtle (Shoals:3)
  4 boulder beetles
  6 centaur warriors
  4 death knights (D:13)
  8 merfolk aquamancers
  5 death yaks
  A satyr (Shoals:4)
  2 two-headed ogres
  A deep troll shaman (Lair:5)
  A tengu warrior (D:12)
  5 orc high priests (Orc:2)
  Urug (Orc:2)
  Sonja (D:11)
  A deep elf knight (Orc:2)
  4 skysharks
  18 sea snakes
  A skeletal warrior (D:13)
  Lodul (D:12)
  2 lindwurms (Lair:5)
  A deep elf zephyrmancer (Orc:2)
  23 harpies
  Pikel (D:5)
  An orc knight (Orc:1)
  2 deep elf pyromancers (D:12)
  28 ugly things
  4 orc sorcerers
  13 manticores
  32 elephants
  9 fauns
  5 cyclopes
  7 merfolk sirens
  Maurice (D:11)
  A moth of wrath (shapeshifter) (D:15)
  4 water nymphs
  2 torpor snails
  5 black mambas
  An ice statue (IceCv)
  A gargoyle (D:12)
  9 cane toads
  An unseen horror (D:12)
  3 rime drakes
  Psyche (D:12)
  A freezing wraith (D:15)
  3 kobold demonologists (D:12)
  An efreet (D:13)
  6 komodo dragons
  2 yaktaurs (D:14)
  A guardian mummy (D:12)
  7 trolls
  29 merfolk
  16 polar bears
  3 meliai (D:13)
  A blink frog (shapeshifter) (D:15)
  9 wind drakes
  2 hornets
  11 snapping turtles
  10 dream sheep
  3 vampires
  69 yaks
  4 slime creatures (D:15)
  9 wraiths
  4 humans
  4 wyverns
  3 shadows
  3 hogs
  11 water elementals
  Eustachio (D:6)
  4 basilisks
  7 vampire mosquitoes
  A warg (Orc:2)
  5 acid dragons
  2 nagas (Lair:2)
  10 water moccasins
  24 orc warriors
  A meliai simulacrum (D:15)
  2 ice beasts
  10 ogres
  8 black bears
  31 wolves
  7 centaurs
  A lemure (D:5)
  2 phantoms
  7 kobold brigands
  2 gnoll sergeants
  10 bullfrogs
  A scorpion (D:6)
  5 wights
  3 killer bees (D:11)
  8 howler monkeys
  2 electric eels
  2 hounds
  37 orc priests
  9 jellies
  Terence (D:2)
  A gnoll bouda (Orc:2)
  3 iguanas
  34 orc wizards
  6 hell rats (Lair:5)
  7 adders
  16 gnolls
  A shadow imp (D:5)
  13 white imps
  2 ufetubi
  2 worms (D:3)
  2 dart slugs
  71 orcs
  4 endoplasms
  A giant cockroach (D:2)
  A goblin (D:1)
  6 hobgoblins
  3 jackals (D:3)
  7 quokkas
  3 training dummies (D:11)
  5 ball pythons
  5 bats
  8 frilled lizards
  30 kobolds
  2 rats (D:3)
903 creatures vanquished.

Vanquished Creatures (collateral kills)
  A harpy (Shoals:3)
  A manticore (D:12)
  An ugly thing (D:14)
  An ogre (D:12)
  A howler monkey (D:6)
5 creatures vanquished.

Vanquished Creatures (others)
  A human (Bailey)
  An orc wizard (Orc:2)
  59 foxfires
  7 fungi
  78 plants
146 creatures vanquished.

Grand Total: 1054 creatures vanquished

Notes
Turn   | Place    | Note
-------+----------+-------------------------------------------
     0 | D:1      | jasper the Demonspawn Wanderer began the quest for the Orb.
     0 | D:1      | jasper set off with the following items: a +2 mace, a wand
                  | of flame (3), a scroll of teleportation, a +0 leather
                  | armour; and the following spell memorised: Foxfire; and the
                  | following spells available to memorise: Kindle Blastsparks.
     0 | D:1      | Reached XP level 1. HP: 15/15 MP: 2/2
   488 | D:1      | Gained mutation: You regenerate magic rapidly. [demonic
                  | ancestry]
   488 | D:1      | Reached XP level 2. HP: 21/21 MP: 1/3
   762 | D:1      | Reached skill level 1 in Armour
  1135 | D:2      | Noticed Terence
  1135 | D:2      | You fall into a shaft and drop 1 floor!
  1222 | D:3      | Discovered your monstrous ancestry.
  1222 | D:3      | Gained mutation: You have a pair of small horns on your
                  | head. [demonic ancestry]
  1222 | D:3      | Reached XP level 3. HP: 21/28 MP: 1/4
  1255 | D:3      | Noticed a centaur
  1273 | D:3      | Killed a centaur
  1274 | D:3      | Reached skill level 1 in Unarmed Combat
  1274 | D:3      | Reached XP level 4. HP: 32/36 MP: 1/5
  1403 | D:3      | Found Lieqaulo's Antique Weapon Boutique.
  1548 | D:2      | Found Matuapt's Distillery.
  1554 | D:2      | Bought a potion of curing for 30 gold pieces
  1554 | D:2      | Bought a potion of might for 40 gold pieces
  1610 | D:2      | Gained mutation: Your touch may inflict minor irresistible
                  | damage on your foes. [demonic ancestry]
  1610 | D:2      | Reached XP level 5. HP: 40/42 MP: 6/6
  1675 | D:2      | Killed Terence
  2319 | D:3      | Found a faded altar of an unknown god.
  2619 | D:4      | Identified the +7 dagger of Fate {protect, *Noise Will++
                  | rCorr Stlth+}
  2655 | D:4      | Found Xueneyha's Antique Weapon Emporium.
  2777 | D:4      | Reached XP level 6. HP: 34/49 MP: 7/7
  3004 | D:5      | Entered Level 5 of the Dungeon
  3077 | D:5      | Reached skill level 5 in Fighting
  3127 | D:5      | Reached XP level 7. HP: 24/56 MP: 8/8
  3465 | D:5      | Noticed Pikel
  3482 | D:5      | Killed Pikel
  3483 | D:5      | Reached skill level 5 in Unarmed Combat
  3483 | D:5      | Gained mutation: A meltable shield of frost defends you.
                  | (SH +4) [demonic ancestry]
  3483 | D:5      | Reached XP level 8. HP: 67/67 MP: 9/9
  4031 | D:5      | Found a staircase to the Ecumenical Temple.
  4183 | Temple   | Entered the Ecumenical Temple
  4223 | Temple   | Became a worshipper of Cheibriados the Contemplative
  4253 | D:6      | Noticed Eustachio
  4664 | D:6      | Reached * piety under Cheibriados
  4742 | D:6      | Killed Eustachio
  4916 | D:6      | Gained mutation: Your touch may inflict irresistible damage
                  | on your foes. [demonic ancestry]
  4916 | D:6      | Reached XP level 9. HP: 75/75 MP: 10/10
  5158 | D:7      | Found Woeleafu's Weapon Emporium.
  5164 | D:7      | Identified the +7 hand axe of Infinity {elec, rF- MP-9 SInv
                  | Stlth+}
  5175 | D:7      | Identified the +5 dagger of Breach {flame, rElec}
  5241 | D:7      | Reached ** piety under Cheibriados
  5347 | D:7      | Found a flagged portal.
  5373 | Bailey   | Entered a bailey
  5410 | Bailey   | Reached skill level 10 in Fighting
  5561 | D:7      | Found a hide-covered altar of Uskayaw.
  5561 | D:7      | Found a radiant altar of Vehumet.
  5727 | D:7      | Found a shadowy altar of Dithmenos.
  5740 | D:7      | Gained mutation: When hurt, damage is shared between your
                  | health and your magic reserves. [demonic ancestry]
  5740 | D:7      | Reached XP level 10. HP: 85/86 MP: 11/11
  5741 | D:7      | Reached *** piety under Cheibriados
  6031 | D:8      | Reached skill level 1 in Invocations
  6153 | D:8      | Reached skill level 1 in Dodging
  6276 | D:8      | Found Cayrph's Assorted Antiques.
  6281 | D:8      | Bought a scroll of fog for 104 gold pieces
  6281 | D:8      | Bought a potion of might for 104 gold pieces
  6547 | D:9      | Identified the +5 rapier of Arbitration {flame, Dex+3 SInv}
  6715 | D:9      | Reached **** piety under Cheibriados
  6773 | D:9      | Noticed a two-headed ogre
  6784 | D:9      | Killed a two-headed ogre
  6785 | D:9      | Reached skill level 10 in Unarmed Combat
  7003 | D:10     | Entered Level 10 of the Dungeon
  7025 | D:10     | Noticed Snorg
  7041 | D:10     | Killed Snorg
  7042 | D:10     | Reached skill level 5 in Invocations
  7049 | D:10     | Gained mutation: You have a small tail. [demonic ancestry]
  7049 | D:10     | Reached XP level 11. HP: 41/92 MP: 3/15
  7754 | D:10     | Noticed Erolcha
  7770 | D:10     | Killed Erolcha
  7888 | D:10     | Found a staircase to the Lair.
  8053 | D:11     | Reached ***** piety under Cheibriados
  8122 | D:11     | Noticed Maurice
  8131 | D:11     | Killed Maurice
  8163 | D:11     | Noticed Sonja
  8168 | D:11     | Killed Sonja
  8478 | D:11     | Found Yligucuz's Firing Range.
  8621 | D:12     | Noticed Josephine
  8628 | D:11     | Killed Josephine
  8633 | D:11     | Reached skill level 10 in Invocations
  8674 | D:12     | Noticed Psyche
  8675 | D:12     | Noticed a fire giant
  8675 | D:12     | Noticed a centaur warrior
  8676 | D:12     | Noticed a boulder beetle
  8676 | D:12     | Noticed a tengu warrior
  8677 | D:12     | Noticed a deep elf pyromancer
  8688 | D:12     | Killed a centaur warrior
  8688 | D:12     | Killed a tengu warrior
  8688 | D:12     | Killed a boulder beetle
  8688 | D:12     | Killed Psyche
  8689 | D:12     | Gained mutation: When low on magic, you restore magic in
                  | place of health. [demonic ancestry]
  8689 | D:12     | Reached XP level 12. HP: 21/98 MP: 3/21
  8699 | D:12     | Killed a fire giant
  8700 | D:12     | Reached skill level 5 in Dodging
  8806 | Lair:1   | Entered Level 1 of the Lair of Beasts
  9066 | Lair:1   | Found a dark tunnel.
  9691 | Lair:2   | Noticed a boulder beetle
  9703 | Lair:2   | Killed a boulder beetle
  9785 | Lair:2   | Noticed Fannar
  9862 | Lair:2   | Killed Fannar
 10078 | Lair:2   | Reached ****** piety under Cheibriados
 10307 | Lair:2   | Found a staircase to the Shoals.
 10386 | Lair:2   | Found a staircase to the Snake Pit.
 10797 | Lair:3   | Gained mutation: A meltable icy envelope protects you from
                  | harm. (AC +4) [demonic ancestry]
 10797 | Lair:3   | Reached XP level 13. HP: 106/106 MP: 22/22
 11231 | Lair:3   | Identified the +1 robe "Oqiesafrur" {rPois rC+++ Will+
                  | Dex-5}
 11259 | Lair:3   | Reached skill level 5 in Evocations
 11609 | Lair:4   | Found a viscous altar of Jiyva.
 11609 | Lair:4   | Found a staircase to the Slime Pits.
 12478 | D:12     | Noticed Frances
 12493 | D:12     | Killed Frances
 12719 | D:12     | Reached skill level 1 in Shields
 12983 | D:12     | Found a portal to a secret trove of treasure.
 13051 | D:12     | Found a staircase to the Orcish Mines.
 13052 | D:12     | Noticed Lodul
 13059 | D:12     | Killed Lodul
 13060 | D:12     | Reached skill level 2 in Shields
 13096 | D:12     | Reached skill level 3 in Shields
 13191 | D:12     | Gained mutation: Your touch may irresistibly damage your
                  | foes and sap their willpower. [demonic ancestry]
 13191 | D:12     | Reached XP level 14. HP: 116/116 MP: 23/23
 13359 | Orc:1    | Entered Level 1 of the Orcish Mines
 13520 | Orc:1    | Reached skill level 4 in Shields
 13835 | Orc:2    | Entered Level 2 of the Orcish Mines
 13859 | Orc:2    | Found a staircase to the Elven Halls.
 14085 | Orc:2    | Reached skill level 5 in Shields
 14145 | Orc:2    | Noticed an orc warlord
 14166 | Orc:1    | Killed an orc warlord
 14224 | Orc:2    | Noticed an orc warlord
 14247 | Orc:2    | Killed an orc warlord
 14248 | Orc:2    | Reached skill level 6 in Shields
 14478 | Orc:2    | Reached skill level 7 in Shields
 14483 | Orc:2    | Gained mutation: You are dopey. (Int -2) [a neqoxec]
 14486 | Orc:2    | Gained mutation: You do not regenerate when monsters are
                  | visible. [a neqoxec]
 14617 | Orc:1    | Lost mutation: You do not regenerate when monsters are
                  | visible. [potion of mutation]
 14617 | Orc:1    | Lost mutation: You are dopey. (Int -2) [potion of mutation]
 14617 | Orc:1    | Gained mutation: Your body sometimes deteriorates upon
                  | taking damage. [potion of mutation]
 14786 | Orc:2    | Found Guugac's Distillery.
 14786 | Orc:2    | Found Dachah's Weapon Boutique.
 14786 | Orc:2    | Found Mabiurche's Book Boutique.
 14789 | Orc:2    | Found Qofina Jina's Magic Scroll Shop.
 14816 | Orc:2    | Reached skill level 8 in Shields
 14831 | Orc:2    | Bought a potion of curing for 48 gold pieces
 14831 | Orc:2    | Bought a potion of might for 64 gold pieces
 14831 | Orc:2    | Bought a potion of curing for 48 gold pieces
 14831 | Orc:2    | Bought a potion of resistance for 160 gold pieces
 14832 | Orc:2    | Bought 2 scrolls of fog for 80 gold pieces
 14832 | Orc:2    | Bought 2 scrolls of fear for 80 gold pieces
 14832 | Orc:2    | Bought a scroll of identify for 20 gold pieces
 14832 | Orc:2    | Bought a scroll of teleportation for 30 gold pieces
 14832 | Orc:2    | Bought a scroll of teleportation for 30 gold pieces
 14832 | Orc:2    | Bought a scroll of blinking for 75 gold pieces
 14834 | Orc:2    | Bought a book of the Dragon for 644 gold pieces
 14834 | Orc:2    | Bought a book of Geomancy for 252 gold pieces
 14834 | Orc:2    | Bought a book of Misfortune for 392 gold pieces
 14837 | Orc:2    | Learned a level 2 spell: Passwall
 14843 | Orc:2    | Learned a level 5 spell: Yara's Violent Unravelling
 14851 | Orc:2    | Learned a level 7 spell: Dragon Form
 15114 | Orc:2    | Noticed Urug
 15121 | Orc:2    | Killed Urug
 15163 | Orc:2    | Found a runed translucent door.
 15164 | Orc:2    | Found a shimmering altar of Xom.
 15164 | Orc:2    | Noticed Dutenacs's ghost (journeyman MiBe)
 15693 | Lair:5   | Entered Level 5 of the Lair of Beasts
 15753 | Lair:5   | Reached skill level 9 in Shields
 15922 | Lair:5   | Reached skill level 10 in Shields
 15955 | Lair:5   | Found an iron altar of Okawaru.
 16114 | Lair:5   | Reached skill level 11 in Shields
 16321 | Lair:5   | Reached XP level 15. HP: 47/122 MP: 16/24
 16429 | Lair:5   | Identified the +8 executioner's axe of the Oracle {pain,
                  | rElec rCorr Int+2}
 16494 | Lair:5   | Identified the ring of Music {rN+ Will+ MP+9}
 16915 | D:13     | Reached skill level 12 in Shields
 17038 | D:13     | Found a frozen archway.
 17085 | IceCv    | Entered an ice cave
 17622 | IceCv    | Noticed a frost giant
 17626 | IceCv    | Reached skill level 13 in Shields
 17643 | IceCv    | Killed a frost giant
 17903 | D:13     | Found the +8 Vampire's Tooth {megavamp}
 17929 | D:13     | Paralysed by something for 3 turns
 18093 | D:14     | Identified a scroll of acquirement
 18096 | D:14     | Acquired 971 gold pieces
 18104 | D:14     | Reached skill level 14 in Shields
 18211 | D:14     | Identified the +6 tower shield of the Desert {+Blink rC+
                  | Stlth+}
 18359 | D:15     | Entered Level 15 of the Dungeon
 18997 | D:15     | Reached skill level 15 in Shields
 19006 | D:15     | Reached skill level 1 in Transmutations
 19073 | D:15     | Found a staircase to the Depths.
 19086 | D:15     | Gained mutation: You have a pair of horns on your head.
                  | [demonic ancestry]
 19086 | D:15     | Reached XP level 16. HP: 100/128 MP: 25/25
 19086 | D:15     | an iron dragon changed into a shadow dragon
 19086 | D:15     | Noticed a shadow dragon (glowing shapeshifter)
 19091 | D:15     | a shadow dragon changed into a caustic shrike
 19091 | D:15     | Noticed a caustic shrike (glowing shapeshifter)
 19094 | D:15     | a caustic shrike changed into a shadow dragon
 19094 | D:15     | Noticed a shadow dragon (glowing shapeshifter)
 19096 | D:15     | a shadow dragon changed into a caustic shrike
 19096 | D:15     | Noticed a caustic shrike (glowing shapeshifter)
 19097 | D:15     | a caustic shrike changed into an iron dragon
 19181 | D:15     | Found a runed translucent door.
 19182 | D:15     | Found a shimmering altar of Xom.
 19182 | D:15     | Identified the +4 great mace of Ethereal Watchfulness
                  | {chaos, *Rage rPois Int+2}
 19182 | D:15     | Noticed Foxy's ghost (adept KoEn)
 19512 | Shoals:1 | Entered Level 1 of the Shoals
 19881 | Shoals:1 | Noticed Kirke
 19896 | Shoals:1 | Noticed a sphinx
 19896 | Shoals:1 | Killed Kirke
 19897 | Shoals:1 | Reached skill level 5 in Transmutations
 20000 | Shoals:1 | Acquired the ring of Itie {rElec rN+ EV+5 Str+6}
 21429 | Shoals:3 | Reached skill level 10 in Transmutations
 21950 | Shoals:4 | Entered Level 4 of the Shoals
 22002 | Shoals:4 | Gained mutation: You have a pair of large horns on your
                  | head. [demonic ancestry]
 22002 | Shoals:4 | Reached XP level 17. HP: 114/134 MP: 16/26
 22191 | Shoals:4 | Identified the +4 quarterstaff of Compulsion {chaos, rElec
                  | rPois Dex+2}
 22362 | Shoals:4 | Identified the +2 sling of Sulphur {flame, Dex+2 SInv}
 22496 | Shoals:4 | Killed from afar by a water nymph

Illustrated notes

Levels and vault maps discovered:
D:1:      heliophobic_arrival_ceremonial_halls, layout_basic, minmay_liquid_box,
          roderic_lattice_a
D:2:      layout_loops_cross, serial_shops, nicolae_shop_crystal, uniq_terence
D:3:      layout_rooms, serial_shops, nicolae_shop_waterfront,
          chequers_ecumenical_altar_lobes, minmay_tree_intersection,
          minmay_fractal_squares_diagonal_5
D:4:      layout_rooms, serial_shops, nicolae_shop_overgrown_old_shop,
          minmay_lizard_king
D:5:      layout_loops_corners, minmay_temple_entry_gardened_gates,
          glass_columns_a, chequers_serial_rivers_micro_e, uniq_pikel
D:6:      layout_rooms, minivault_24, uniq_eustachio
D:7:      layout_loops_ring, gammafunk_temple_overflow_claw,
          grunt_dithmenos_smoke, enter_bailey_2, serial_shops, shop,
          amcnicky_mini_rare_corridor_liquid, grunt_livestock
D:8:      layout_cave_pools, serial_shops, nicolae_shop_overgrown_old_shop
D:9:      layout_rooms, dreamdust_mushroom_princess
D:10:     cheibrodos_helix_gallery, layout_basic, david_lair_shrubbed,
          uniq_erolcha, uniq_snorg
D:11:     layout_roguey, nicolae_shop_firing_range, uniq_maurice, uniq_sonja
D:12:     hourglass_vault, layout_rooms, david_orc_3,
          nicolae_trove_entry_path_of_doom, gauntlet_entry_generic, uniq_psyche,
          uniq_lodul, uniq_josephine, uniq_frances
D:13:     cheibrodos_tormentor_scu, layout_loops_ring, serial_shops, shop,
          shop_statue, shop, shop, shop, portal_ice_cave_entry_imps,
          minmay_guarded_unrand_vampires_tooth
D:14:     layout_big_octagon, hangedman_vaults_entry_quadrant_bands,
          disabler_island
D:15:     gammafunk_enter_depths_forms, layout_long_grid, ebering_ghost_xom,
          glass_columns_b, minivault_19, minivault_12
Temple:   nicolae_temple_two_arcs
Lair:1:   layout_chaotic_city, enter_volcano_2, serial_bayou_shore_a,
          serial_bayou_shore_b
Lair:2:   layout_long_grid, minmay_shoals_entry_beasts,
          guppyfry_snake_entry_garden, nicolae_quartered_pool_impasse,
          nzn_sisyphean_effort, serial_bayou_shore_b, uniq_fannar
Lair:3:   beast_lair_carwin_large_1, layout_regular_city, grunt_megastairs_4,
          infiniplex_staircase_pool_2, lemuel_fruit_tree
Lair:4:   layout_misc_corridors, nicolae_slime_entry_field_trip,
          grunt_megastairs_3
Lair:5:   grunt_lair_end_beastmaster, layout_big_grid, basic_altar,
          serial_bayou_shore_b, grunt_megastairs_2
Shoals:1: layout_shoals, uniq_kirke
Shoals:2: layout_shoals
Shoals:3: layout_shoals, nicolae_shoals_loop_pool
Shoals:4: shoals_end_simple, layout_shoals
Orc:1:    layout_caves, nicolae_orc_flooded_monolith, rock_pile
Orc:2:    st_orc_mages, layout_caves, ebering_ghost_xom, elf_legates, uniq_urug

Skill      XL: |  1  2  3  4  5  6  7  8  9 10 11 12 13 14 15 16 17 |
---------------+----------------------------------------------------+-----
Armour         | 1 |  1.0
Fighting       | 2 3 4 5 7 8 10 11 12 | 12.3
Unarmed Combat | 1 2 3 4 5 7 9 10 11 12 14 | 14.0
Invocations    | 5 13 | 13.0
Dodging        | 4 6 7 |  7.9
Evocations     | 4 6 |  6.0
Shields        | 3 11 15 | 15.0
Transmutations | 2 11 13 | 13.3
Maces & Flails | |  2.6
Spellcasting   | |  1.0
Fire Magic     | |  3.6

Action                     |  1- 3 |  4- 6 |  7- 9 | 10-12 | 13-15 | 16-18 || total
---------------------------+-------+-------+-------+-------+-------+-------++-------
  Melee: Mace              |    15 |    20 |       |       |       |       ||    35
         Headbutt          |       |    17 |    56 |    98 |   439 |   185 ||   795
         Unarmed           |       |   139 |   302 |   382 |  1412 |   572 ||  2807
         Touch             |       |    26 |    47 |    69 |    48 |       ||   190
         Punch             |       |     4 |     6 |    33 |    29 |       ||    72
         Tailslap          |       |       |       |    57 |   300 |   112 ||   469
  Throw: Dart              |       |       |    10 |    18 |    31 |       ||    59
   Cast: Foxfire           |    26 |     9 |       |       |       |       ||    35
 Invoke: Slouch            |       |       |       |       |     1 |    12 ||    13
  Evoke: Wand              |     2 |       |     7 |    11 |    14 |    40 ||    74
         Condenser vane    |       |       |       |     1 |     6 |     3 ||    10
         Phantom mirror    |       |       |       |     1 |     1 |     1 ||     3
         Phial of floods   |       |       |       |       |     1 |       ||     1
         Box of beasts     |       |       |       |       |     3 |     2 ||     5
    Use: Scroll            |     3 |     6 |     6 |     6 |    20 |     3 ||    44
         Potion            |     1 |     1 |     3 |     5 |     6 |     2 ||    18
   Stab: Distracted        |       |       |     1 |     1 |     4 |     5 ||    11
         Sleeping          |       |       |       |     6 |     9 |     1 ||    16
         Confused          |       |       |       |       |     1 |       ||     1
         Petrified         |       |       |       |       |     6 |       ||     6
 Armour: Leather armour    |     3 |     5 |       |       |       |       ||     8
         Skin              |     6 |       |    12 |    12 |       |       ||    30
         Scale mail        |       |    42 |    72 |    38 |       |       ||   152
         Acid dragon scale |       |       |       |    74 |   178 |       ||   252
         Troll leather arm |       |       |       |       |   205 |   149 ||   354
  Dodge: Dodged            |     8 |    86 |   133 |   246 |   950 |   634 ||  2057
  Block: Other             |       |       |    42 |    63 |    38 |       ||   143
         Kite shield       |       |       |       |       |  1217 |   803 ||  2020

Table legend: (Time is in decaauts)
 A = Elapsed time spent in this place.
 B = Non-inter-level travel time spent in this place.
 C = Inter-level travel time spent in this place.
 D = Time resting spent in this place.
 E = Time spent auto-exploring this place.
 F = Levels seen in this place.
 G = Mean time per level.
                   A        B        C        D        E       F      G
               +--------+--------+--------+--------+--------+-----+--------+
         Total |  32893 |  30046 |   2847 |   1447 |  20696 |  29 | 1134.2 |
       Dungeon |  15513 |  14068 |   1445 |    605 |  10184 |  15 | 1034.2 |
        Temple |     53 |     41 |     12 |      0 |      0 |   1 |   53.0 |
          Lair |   8171 |   7350 |    821 |     76 |   5737 |   5 | 1634.2 |
        Shoals |   4607 |   4223 |    384 |    434 |   2258 |   4 | 1151.8 |
  Orcish Mines |   3366 |   3182 |    184 |    332 |   1899 |   2 | 1683.0 |
        Bailey |     72 |     72 |      0 |      0 |      0 |   1 |   72.0 |
      Ice Cave |   1109 |   1109 |      0 |      0 |    617 |   1 | 1109.0 |
               +--------+--------+--------+--------+--------+-----+--------+

Top non-repeatable levels by time:
  Lair:2: 1952 daAuts
   Orc:2: 1885 daAuts
    D:12: 1810 daAuts
  Lair:1: 1767 daAuts
  Lair:3: 1638 daAuts
    D:15: 1615 daAuts
Shoals:3: 1491 daAuts
   Orc:1: 1480 daAuts
    D:10: 1466 daAuts
     D:5: 1435 daAuts
  Lair:5: 1434 daAuts
Shoals:1: 1414 daAuts
  Lair:4: 1378 daAuts
    D:11: 1342 daAuts
Shoals:2: 1304 daAuts
